 Dungeon Crawl Stone Soup version 0.30-b1-2-g02819fbbbe (webtiles) character file.

Game seed: 11458709463464453163

148 Alarkh the Grave Robber (level 5, 35/35 HPs)
             Began as a Demonspawn Necromancer on July 7, 2023.
             Got out of the dungeon alive.
             The game lasted 00:02:55 (2420 turns).

Alarkh the Grave Robber (Demonspawn Necromancer)    Turns: 2420, Time: 00:02:56

Health: 35/35      AC:  2    Str:  8    XL:     5   Next: 8%
Magic:  9/9        EV: 12    Int: 19    God:
Gold:   196        SH:  5    Dex: 13    Spells: 6/10 levels left

rFire   . . .        o - +1 dagger (protect)
rCold   . . .        (no shield)
rNeg    . . .        a - +0 robe
rPois   .            (no helmet)
rElec   .            (no cloak)
rCorr   .            (no gloves)
SInv    .            (no boots)
Will    .....        k - amulet of reflection
Stlth   ++           (no ring)
HPRegen 0.25/turn    (no ring)
MPRegen 0.11/turn

%: reflection
@: no status effects
A: spiny 1, demonic touch 1
a: no special abilities


You escaped.
You visited 1 branch of the dungeon, and saw 3 of its levels.

You collected 196 gold pieces.

Inventory:

Hand Weapons
 h - a +0 sling
 o - a +1 dagger of protection (weapon)
Armour
 a - a +0 robe (worn)
Jewellery
 c - an amulet of magic regeneration
 k - an amulet of reflection (around neck)
Wands
 m - a wand of quicksilver (5)
Scrolls
 d - 4 scrolls of teleportation {unknown}
 f - 4 scrolls of identify {unknown}
 i - a scroll of butterflies {unknown}
 j - a scroll of vulnerability {unknown}
 n - a scroll of enchant weapon {unknown}
Potions
 b - a potion of magic
 e - 2 potions of might {unknown}
 g - 3 potions of curing {unknown}
 l - a potion of cancellation {unknown}
 p - a potion of attraction {unknown}


   Skills:
 - Level 1.7 Dodging
 - Level 1.7 Stealth
 + Level 3.2 Spellcasting
 * Level 6.3 Necromancy


You had 6 spell levels left.
You knew the following spells:

 Your Spells              Type           Power      Damage    Failure   Level
a - Necrotise             Necr           100%       1d9       1%          1
b - Vampiric Draining     Necr           27%        2d7       3%          3

Your spell library contained the following spells:

 Spells                   Type           Power      Damage    Failure   Level
 Animate Dead             Necr           27%        N/A       11%         4
 Agony                    Necr           27%        N/A       30%         5
 Ozocubu's Armour         Ice            3%         N/A       41%         3
 Ozocubu's Refrigeration  Ice            1%         4d7       100%        7


Dungeon Overview and Level Annotations

Branches:
Dungeon (3/15)

Altars:
Fedhas


Innate Abilities, Weirdness & Mutations

You are partially covered in sharp spines.
Your touch may inflict minor irresistible damage on your foes.


Message History

You can't see any susceptible monsters within range! (Use Z to cast anyway.)
An orc priest is nearby!
Casting: Necrotise (safe; 1% risk of failure)
Confirm with . or Enter, or press ? or * to list all spells.
Aiming: Necrotise (safe; 1% risk of failure)
Press: ? - help, Shift-Dir - straight line, f - orc priest
Aim: an orc priest, wielding a +0 dagger and wearing a +0 ring mail (ally target, chance to affect: 83%)
The orc priest writhes in agony.
Your orc skeleton barely misses the orc priest.
The orc priest mumbles some strange prayers to Beogh against you.
Beogh smites you!
Casting: Necrotise (safe; 1% risk of failure)
Confirm with . or Enter, or press ? or * to list all spells.
Aiming: Necrotise (safe; 1% risk of failure)
Press: ? - help, Shift-Dir - straight line, f/p - orc priest
Aim: an orc priest, wielding a +0 dagger and wearing a +0 ring mail (heavily wounded, ally target, chance to affect: 83%)
The orc priest writhes in agony!
You kill the orc priest!
You have reached level 5!
Your demonic ancestry asserts itself...
Your hands begin to faintly glow with unholy energy.
(D) Dungeon
Where to? (Enter - D:3, ? - help)
What level of the Dungeon? (default 1, ? - help)
You see here a worm corpse.
There is a stone staircase leading up here.
You climb upwards.
There is a stone staircase leading down here.
Magic restored.
HP restored.
There is a stone staircase leading up here.
You climb upwards.
Magic restored.
There is a stone staircase leading down here.
Unknown command.
HP restored.
You see here 5 stones.
There is an open door here.
There is a staircase leading out of the dungeon here.
Are you sure you want to leave the Dungeon?
This will make you lose the game!
You have escaped!

#.#####...............# #~. #.#
##....##.######## #~.
#.######..#.##.####### #~.
............##..(....# #~.
#.######.......#####.# #~.
#.######..######## #.# #~.
#.........#### #.# #.# ##†~
#########....###.###.# #'##
#########.##.'..@..'.# #.#
.........#######.####### ##.#
###..#####.............# #..#
###..# #####.#####.#########.###
.....####..##.#####.###.##.......
.......#...#.........##.##.######
.....#..Z.######.######.##.#
#.#..###.Z+...........'.##.# ####
.....####.######.######.##.# #...


There were no monsters in sight!

Vanquished Creatures
  An orc priest (D:3)
  An orc wizard (D:3)
  3 adders
  A worm (D:3)
  4 orcs (D:3)
  7 bats
  2 endoplasms
  A giant cockroach (D:1)
  4 goblins
  4 hobgoblins
  A quokka (D:1)
  10 ball pythons
  4 frilled lizards
  4 kobolds
  12 rats
59 creatures vanquished.

Vanquished Creatures (collateral kills)
  A bat (D:1)
  An endoplasm (D:2)
  A hobgoblin (D:1)
  A ball python (D:2)
4 creatures vanquished.

Grand Total: 63 creatures vanquished

Notes
Turn   | Place    | Note
-------+----------+-------------------------------------------
     0 | D:1      | Alarkh the Demonspawn Necromancer began the quest for the
                  | Orb.
     0 | D:1      | Reached XP level 1. HP: 13/13 MP: 3/3
   211 | D:1      | You fall into a shaft and drop 1 floor!
   302 | D:1      | Gained mutation: You are partially covered in sharp spines.
                  | [demonic ancestry]
   302 | D:1      | Reached XP level 2. HP: 12/19 MP: 0/5
   672 | D:1      | Reached skill level 5 in Necromancy
   987 | D:1      | Reached XP level 3. HP: 24/24 MP: 6/6
  1661 | D:2      | Learned a level 3 spell: Vampiric Draining
  1663 | D:2      | Found a blossoming altar of Fedhas.
  1965 | D:3      | Reached XP level 4. HP: 27/30 MP: 6/8
  2120 | D:3      | Reached skill level 6 in Necromancy
  2338 | D:3      | Gained mutation: Your touch may inflict minor irresistible
                  | damage on your foes. [demonic ancestry]
  2338 | D:3      | Reached XP level 5. HP: 20/35 MP: 4/9
  2420 | D:$      | Got out of the dungeon alive.

Illustrated notes

Levels and vault maps discovered:
D:1:      shiori_shiawase, layout_loops_corners, kennysheep_pointless_box,
          minmay_cupped
D:2:      layout_loops_ring, basic_altar, st_stairs_3, grunt_ministairs_15,
          minmay_misc_feat_nine_boxes
D:3:      layout_loops_ring, grunt_ministairs_3

Skill      XL: |  1  2  3  4 |
---------------+-------------+-----
Necromancy     | 5 6 |  6.3
Spellcasting   | 3 |  3.2
Dodging        | |  1.7
Stealth        | |  1.7

Action                     |  1- 3 |  4- 6 || total
---------------------------+-------+-------++-------
  Melee: Unarmed           |    17 |       ||    17
         Dagger            |       |    13 ||    13
   Fire: Sling             |    70 |       ||    70
   Cast: Necrotise         |    47 |    19 ||    66
         Vampiric Draining |       |     1 ||     1
   Stab: Sleeping          |     1 |     1 ||     2
 Armour: Robe              |    24 |     2 ||    26
  Dodge: Dodged            |    36 |     9 ||    45
  Block: Other             |     4 |     3 ||     7
